 Dungeon Crawl Stone Soup version 0.27.0-66-gdc8fb28755 (webtiles) character file.

Game seed: 11272429361435627238

37 Spectrina the Covert (level 3, 0/22 HPs)
             Began as a Vampire Delver on Aug 19, 2021.
             Slain by a shadow imp (4 damage)
             ... on level 5 of the Dungeon.
             The game lasted 00:03:24 (245 turns).

Spectrina the Covert (Vampire Delver)                Turns: 245, Time: 00:03:25

Health: 0/22       AC:  3    Str: 11    XL:     3   Next: 21%
Magic:  3/3        EV: 12    Int: 12    God:
Gold:   19         SH:  0    Dex: 16    Spells: 2/2 levels left

rFire    . . .     SeeInvis +   a - +0 short sword
rCold    + + .     Faith    .   (no shield)
rNeg     + + +     Spirit   .   b - +0 leather armour
rPois    ∞         Reflect  .   (no helmet)
rElec    .         Harm     .   (no cloak)
rCorr    .         Rampage  .   (no gloves)
Will     .....                  (no boots)
Stlth    ++++++....             (no amulet)
HPRegen  0.00/turn              (no ring)
MPRegen  0.08/turn              (no ring)

@: bloodless, inhibited regen
A: bloodless, fangs 3, see invisible, vampiric 2
a: Bat Form, Revivify


You were on level 5 of the Dungeon.
You visited 1 branch of the dungeon, and saw 2 of its levels.

You collected 19 gold pieces.

Inventory:

Hand Weapons
 a - a +0 short sword (weapon)
Armour
 b - a +0 leather armour (worn)
Wands
 g - a wand of digging (3)
Scrolls
 c - 2 scrolls of fog
 d - a scroll of magic mapping
 e - a scroll of fear
 h - a scroll of enchant weapon {unknown}
Potions
 f - a potion of haste


   Skills:
 - Level 2.6 Fighting
 - Level 2.1 Short Blades
 - Level 2.1 Dodging
 + Level 8.9 Stealth


You had 2 spell levels left.
You didn't know any spells.
Your spell library was empty.

Dungeon Overview and Level Annotations

Branches:
Dungeon (6/15)
 Temple: D:4-7

Altars:


Innate Abilities, Weirdness & Mutations

You do not regenerate when monsters are visible.
You are frail without blood (-20% HP).
You can heal yourself when you bite living creatures.
You are immune to poison.
You have razor-sharp teeth.
You have supernaturally acute eyesight. (SInv)
You are afflicted with vampirism and can become a bat while bloodless.


Message History

The hound is severely wounded.
The hound bites you.
* * * LOW HITPOINT WARNING * * *
You hit the hound but do no damage.
The hound is severely wounded.
The hound misses you. The hound bites you.
* * * LOW HITPOINT WARNING * * *
You hit the hound.
You kill the hound!
Your Stealth skill increases to level 8!
You have reached level 2!
You have reached level 3!
Your experience leads to an increase in your attributes!
Increase (S)trength, (I)ntelligence, or (D)exterity?
You feel agile.
You can now turn into a vampire bat when bloodless.
Unknown command.
A shadow imp comes into view.
The shadow imp moves out of view.
The shadow imp shouts, "Decamp, thou mammering bat-fowling harpy!"
You hit the shadow imp.
You bite the shadow imp, but do no damage.
The shadow imp is lightly wounded.
The shadow imp closely misses you.
You hit the shadow imp. Your bite misses the shadow imp.
The shadow imp is moderately wounded.
The shadow imp hits you but does no damage.
You hit the shadow imp but do no damage.
The shadow imp is moderately wounded.
The shadow imp barely misses you.
You hit the shadow imp.
The shadow imp is heavily wounded.
The shadow imp closely misses you.
You closely miss the shadow imp. You bite the shadow imp.
The shadow imp is heavily wounded.
The shadow imp hits you but does no damage.
You hit the shadow imp. Your bite misses the shadow imp.
The shadow imp is severely wounded.
The shadow imp hits you.
You die...

######## h....... #####.## .. #.
# .h # ######### ########### # ..
#........#.####.........# # h..
.........5@............#### ...
....?####.####.#.#####..... #.#
.... #.##.#...# ###### ......#
#.##.##### ### #.###.#..## #.##.#
#.. #.........# #.##.# #######.#
##.#####.# #.##.# #........
.........######.##.######........
.#.#####..##...Z.Z.##............


You could see a shadow imp.

Vanquished Creatures
  A hound (D:5)
  An orc (D:5)
  A quokka (D:5)
3 creatures vanquished.

Notes
Turn   | Place    | Note
-------+----------+-------------------------------------------
     0 | D:5      | Spectrina the Vampire Delver began the quest for the Orb.
     0 | D:5      | Reached XP level 1. HP: 17/17 MP: 1/1
    29 | D:5      | Noticed an iguana
   111 | D:5      | Noticed a black bear
   141 | D:5      | Noticed a howler monkey
   195 | D:5      | Noticed a black bear
   195 | D:5      | Noticed a hound
   217 | D:5      | Killed a hound
   218 | D:5      | Reached skill level 8 in Stealth
   218 | D:5      | Reached XP level 2. HP: 2/18 MP: 2/2
   218 | D:5      | Gained mutation: You are afflicted with vampirism and can
                  | become a bat while bloodless. [Vampire growth]
   218 | D:5      | Reached XP level 3. HP: 3/22 MP: 3/3
   245 | D:5      | Slain by a shadow imp

Illustrated notes

Levels and vault maps discovered:
D:5:      layout_basic, kennysheep_mini, hangedman_minor_gate_pass
D:6:      layout_rooms, uniq_crazy_yiuf_cottage

Skill      XL: |  1 |
---------------+----+-----
Stealth        | 8 |  8.9
Fighting       | |  2.6
Short Blades   | |  2.1
Dodging        | |  2.1

Action                   || total
-------------------------++-------
Melee: Short sword       ||    17
       Bite              ||     2
 Abil: Exsanguinate      ||     1
 Stab: Sleeping          ||     2
Armor: Leather armour    ||     2
Dodge: Dodged            ||    16
